 Dungeon Crawl Stone Soup version 0.28-b1-25-g9875b3fc8c (webtiles) character file.

Game seed: 4111556952939561844

171 cayde69 the Charlatan (level 5, -1/41 HPs)
             Began as a Gnoll Artificer on Feb 2, 2022.
             Was an Initiate of Gozag.
             Slain by an adder (4 damage)
             ... on level 4 of the Dungeon.
             The game lasted 00:05:24 (3026 turns).

cayde69 the Charlatan (Gnoll Artificer)             Turns: 3026, Time: 00:05:24

Health: -1/41      AC: 12    Str: 14    XL:     5   Next: 51%
Magic:  7/7        EV:  5    Int: 10    God:    Gozag
Gold:   346        SH:  0    Dex: 12    Spells: 7/7 levels left

rFire   . . .      SeeInvis .   g - +0 trident
rCold   . . .      Faith    .   (no shield)
rNeg    . . .      Spirit   .   u - +0 plate armour
rPois   .          Reflect  .   (no helmet)
rElec   .          Harm     .   (no cloak)
rCorr   .          Rampage  .   (no gloves)
Will    .....                   (no boots)
Stlth   ..........              (no amulet)
HPRegen 0.13/turn               (no ring)
MPRegen 0.10/turn               (no ring)

@: no status effects
A: fangs 1, strong nose, distributed training
a: Renounce Religion, Potion Petition, Call Merchant, Bribe Branch


You were on level 4 of the Dungeon.
You worshipped Gozag.
Gozag was aware of your devotion.
You visited 1 branch of the dungeon, and saw 4 of its levels.

You collected 346 gold pieces.

Inventory:

Hand Weapons
 a - a +0 club
 g - a +0 trident (weapon)
Armour
 b - a +0 leather armour
 h - a +0 ring mail
 o - the +0 robe of Integrity {rF++ Int-2}
   (You found it on level 2 of the Dungeon)

   Int:       It affects your intelligence (-2).
   rF:        It greatly protects you from fire.
 u - a +0 plate armour (worn)
Jewellery
 x - a ring of fire
Wands
 c - a wand of flame (12) (quivered)
 d - a wand of charming (13)
 s - a wand of digging (7)
 t - a wand of paralysis (2)
Scrolls
 f - a scroll of torment {unknown}
 j - a scroll of acquirement {unknown}
 m - 4 scrolls of identify {unknown}
 n - 2 scrolls of enchant weapon {unknown}
 p - a scroll of immolation {unknown}
 r - a scroll of amnesia {unknown}
 w - a scroll of magic mapping {unknown}
Potions
 i - a potion of curing {unknown}
 k - a potion of attraction {unknown}
 l - 2 potions of magic {unknown}
 q - 2 potions of degeneration {unknown}
 v - a potion of brilliance {unknown}
Miscellaneous
 e - a piece from Xom's chessboard (15/15)


   Skills:
 + Level 3.0 Fighting
 + Level 1.5 Short Blades
 + Level 1.5 Long Blades
 + Level 1.5 Axes
 + Level 1.5 Maces & Flails
 + Level 1.5 Polearms
 + Level 1.5 Staves
 + Level 1.5 Slings
 + Level 1.5 Bows
 + Level 1.5 Crossbows
 + Level 1.5 Throwing
 + Level 4.8 Armour
 + Level 3.0 Dodging
 + Level 2.8 Stealth
 + Level 1.5 Shields
 + Level 1.5 Unarmed Combat
 + Level 1.5 Spellcasting
 + Level 1.2 Conjurations
 + Level 1.2 Hexes
 + Level 1.2 Summonings
 + Level 1.2 Necromancy
 + Level 1.2 Translocations
 + Level 1.2 Transmutations
 + Level 1.2 Fire Magic
 + Level 1.2 Ice Magic
 + Level 1.2 Air Magic
 + Level 1.2 Earth Magic
 + Level 1.2 Poison Magic
 + Level 1.7 Invocations
 + Level 6.7 Evocations


You had 7 spell levels left.
You didn't know any spells.
Your spell library contained the following spells:

 Spells                   Type           Power      Damage    Failure   Level
 Magic Dart               Conj           12%        1d3       100%        1
 Searing Ray              Conj           6%         2d4       100%        2
 Fulminant Prism          Conj/Hex       1%         3d6       100%        4


Dungeon Overview and Level Annotations

Branches:
Dungeon (4/15)
 Temple: D:4-7

Altars:
Gozag


Innate Abilities, Weirdness & Mutations

You have very sharp teeth.
Your uncanny sense of smell can sniff out nearby items.
Your experience applies equally to all skills.


Message History

There are monsters nearby!
You closely miss the ogre. The adder bites you but does no damage.
The ogre hits you with a +0 giant spiked club!
* * * LOW HITPOINT WARNING * * *
You are too injured to fight recklessly!
There are monsters nearby!
You are too injured to fight recklessly!
There are monsters nearby!
You are too injured to fight recklessly!
Aiming: Paralyse
Press: ? - help, Shift-Dir - straight line, f - ogre
Aim: an ogre, wielding a +0 giant spiked club (chance to affect: 65%)
The ogre suddenly stops moving!
The adder barely misses you. The adder bites you.
* * * LOW HITPOINT WARNING * * *
You hit the adder but do no damage. The adder bites you but does no damage.
You miss the adder. The adder barely misses you.
The adder bites you but does no damage.
You hit the adder.
The adder is moderately wounded.
The adder barely misses you.
You barely miss the adder.
The adder is moderately wounded.
The adder bites you.
* * * LOW HITPOINT WARNING * * *
You are poisoned.
The adder poisons you! The adder barely misses you.
You hit the adder.
The adder is heavily wounded.
You feel sick.
The adder bites you but does no damage. x2
You closely miss the adder.
The adder is heavily wounded.
You feel sick. The adder bites you but does no damage.
You hit the adder.
The adder is heavily wounded.
You feel sick.
You are no longer poisoned.
The adder bites you but does no damage. The adder bites you.
You die...
Your body crumbles into a pile of gold.

##########
#......>.#
#.....(..#
#........# ## ###
.......
#........# ∆ ?..
..# .......
#.....O..# ....
.. .......
#....@...# #.>##.
.......
#...S....# #....
.......
#........# #.)
.......
##.####### ###
.......###.# #
.......)...##
........##..####
#..###..###....##
# #..# ####..#


You could see an ogre (paralysed) and an adder.

Vanquished Creatures
  An ogre (D:4)
  Terence (D:3)
  An adder (D:3)
  A howler monkey skeleton (D:3)
  An orc (D:4)
  5 bats
  3 endoplasms
  3 giant cockroaches
  6 goblins
  4 hobgoblins
  3 quokkas
  4 ball pythons
  6 kobolds
  2 rats (D:3)
41 creatures vanquished.

Notes
Turn   | Place    | Note
-------+----------+-------------------------------------------
     0 | D:1      | cayde69 the Gnoll Artificer began the quest for the Orb.
     0 | D:1      | Reached XP level 1. HP: 17/17 MP: 1/1
   397 | D:1      | Reached XP level 2. HP: 23/23 MP: 2/2
   495 | D:1      | Noticed a shining eye
   497 | D:1      | Found a faded altar of an unknown god.
   498 | D:1      | Noticed a floating eye
   498 | D:1      | Noticed an eye of devastation
   498 | D:1      | Noticed an eye of devastation
   517 | D:1      | Prayed at the altar of an unknown god.
   517 | D:1      | Became a worshipper of Gozag Ym Sagoz the Greedy
  1051 | D:2      | Identified the +0 robe of Integrity {rF++ Int-2}
  1709 | D:3      | Reached XP level 3. HP: 28/28 MP: 3/3
  1834 | D:3      | Noticed Terence
  1855 | D:3      | Killed Terence
  1856 | D:3      | Reached skill level 1 in Short Blades
  1856 | D:3      | Reached skill level 1 in Long Blades
  1856 | D:3      | Reached skill level 1 in Axes
  1856 | D:3      | Reached skill level 1 in Maces & Flails
  1856 | D:3      | Reached skill level 1 in Polearms
  1856 | D:3      | Reached skill level 1 in Staves
  1856 | D:3      | Reached skill level 1 in Slings
  1856 | D:3      | Reached skill level 1 in Bows
  1856 | D:3      | Reached skill level 1 in Crossbows
  1856 | D:3      | Reached skill level 1 in Throwing
  1856 | D:3      | Reached skill level 1 in Shields
  1856 | D:3      | Reached skill level 1 in Unarmed Combat
  1856 | D:3      | Reached skill level 1 in Spellcasting
  1856 | D:3      | Reached skill level 1 in Invocations
  2152 | D:3      | Reached XP level 4. HP: 34/34 MP: 5/5
  2857 | D:4      | Noticed an ogre
  2868 | D:4      | Killed an ogre
  2869 | D:4      | Reached skill level 1 in Conjurations
  2869 | D:4      | Reached skill level 1 in Hexes
  2869 | D:4      | Reached skill level 1 in Summonings
  2869 | D:4      | Reached skill level 1 in Necromancy
  2869 | D:4      | Reached skill level 1 in Translocations
  2869 | D:4      | Reached skill level 1 in Transmutations
  2869 | D:4      | Reached skill level 1 in Fire Magic
  2869 | D:4      | Reached skill level 1 in Ice Magic
  2869 | D:4      | Reached skill level 1 in Air Magic
  2869 | D:4      | Reached skill level 1 in Earth Magic
  2869 | D:4      | Reached skill level 1 in Poison Magic
  2869 | D:4      | Reached XP level 5. HP: 41/41 MP: 5/7
  3012 | D:4      | Noticed an ogre
  3026 | D:4      | Slain by an adder

Illustrated notes

Levels and vault maps discovered:
D:1:      dpeg_arrival_arbitrary_c, layout_loops_ring,
          hellmonk_ecumenical_altar_watching_god
D:2:      layout_loops_cross, kennysheep_big_empty_room
D:3:      layout_loops_ring, minmay_fountain_box, kennysheep_generic_room_8,
          uniq_terence
D:4:      layout_rooms, temple_statues, lightli_ossuary_entry_decrepit_ruins,
          uniq_pikel

Skill      XL: |  1  2  3  4 |
---------------+-------------+-----
Short Blades   | 1 |  1.5
Long Blades    | 1 |  1.5
Axes           | 1 |  1.5
Maces & Flails | 1 |  1.5
Polearms       | 1 |  1.5
Staves         | 1 |  1.5
Slings         | 1 |  1.5
Bows           | 1 |  1.5
Crossbows      | 1 |  1.5
Throwing       | 1 |  1.5
Shields        | 1 |  1.5
Unarmed Combat | 1 |  1.5
Spellcasting   | 1 |  1.5
Invocations    | 1 |  1.7
Fighting       | 3 |  3.0
Dodging        | 3 |  3.0
Conjurations   | 1 |  1.2
Hexes          | 1 |  1.2
Summonings     | 1 |  1.2
Necromancy     | 1 |  1.2
Translocations | 1 |  1.2
Transmutations | 1 |  1.2
Fire Magic     | 1 |  1.2
Ice Magic      | 1 |  1.2
Air Magic      | 1 |  1.2
Earth Magic    | 1 |  1.2
Poison Magic   | 1 |  1.2
Armour         | |  4.8
Stealth        | |  2.8
Evocations     | |  6.7

Action                   |  1- 3 |  4- 6 || total
-------------------------+-------+-------++-------
Melee: Trident           |    99 |    84 ||   183
       Club              |     4 |       ||     4
       Bite              |     4 |     3 ||     7
       Punch             |     2 |       ||     2
Evoke: Wand              |     5 |     2 ||     7
 Stab: Sleeping          |     2 |       ||     2
       Distracted        |     1 |       ||     1
       Paralysed         |       |     7 ||     7
Armor: Ring mail         |    37 |    13 ||    50
       Leather armour    |     3 |       ||     3
       Plate armour      |       |    31 ||    31
Dodge: Dodged            |    56 |    34 ||    90
